 Dungeon Crawl Stone Soup version 0.31-a0-142-g31f6795574 (webtiles) character file.

Game seed: 684778519041537330

2 Esekla the Sneak (level 1, 0/16 HPs)
             Began as an Octopode Delver on June 4, 2023.
             Slain by an iguana (15 damage)
             ... on level 5 of the Dungeon.
             The game lasted 00:00:58 (44 turns).

Esekla the Sneak (Octopode Delver)                    Turns: 44, Time: 00:00:59

Health: 0/16       AC:  1    Str: 11    XL:     1   Next: 40%
Magic:  1/1        EV: 13    Int: 12    God:
Gold:   0          SH:  0    Dex: 13    Spells: 0/0 levels left

rFire   . . .        a - +0 falchion
rCold   . . .        (no shield)
rNeg    . . .        (helmet restricted)
rPois   .            (no amulet)
rElec   .            (no ring)
rCorr   .            (no ring)
SInv    .            (no ring)
Will    .....        (no ring)
Stlth   ++++         (no ring)
HPRegen 0.22/turn    (no ring)
MPRegen 0.07/turn    (no ring)
                     (no ring)

%: no passive effects
@: no status effects
A: almost no armour, amphibious, 8 rings, camouflage 1, gelatinous body 1,
(nimble swimmer 1), tentacles
a: no special abilities


You were on level 5 of the Dungeon.
You visited 1 branch of the dungeon, and saw 1 of its levels.

Inventory:

Hand Weapons
 a - a +0 falchion (weapon)
Wands
 f - a wand of digging (3)
Scrolls
 b - a scroll of fog
 c - a scroll of enchant armour {unknown}
 d - a scroll of fear
Potions
 e - a potion of haste


   Skills:
 * Level 3.0 Fighting
 * Level 2.0 Long Blades
 * Level 2.0 Dodging
 + Level 6.7 Stealth
 * Level 0.1 Spellcasting


You couldn't memorise any spells.
You didn't know any spells.
Your spell library was empty.

Dungeon Overview and Level Annotations

Branches:
Dungeon (5/15)
 Temple: D:4-7

Altars:


Innate Abilities, Weirdness & Mutations

You cannot wear most types of armour.
You are amphibious.
You can wear up to eight rings at the same time.
Your skin changes colour to match your surroundings (Stealth+).
Your rubbery body absorbs attacks. (AC +1, EV +1)
((You are camouflaged when in or above water. (Stealth+)))
You have tentacles for arms and can constrict up to eight enemies at once.


Message History

You hit the dart slug but do no damage. You grab the dart slug.
You constrict the dart slug. The dart slug bites you.
You hit the dart slug but do no damage.
The dart slug is moderately wounded.
You constrict the dart slug. The dart slug misses you.
You hit the dart slug.
You squeeze the dart slug, but do no damage.
The dart slug is severely wounded.
You constrict the dart slug.
The dart slug bites you but does no damage.
You hit the dart slug.
You kill the dart slug!
A white imp comes into view.
You start resting.
HP restored.
An iguana comes into view.
The iguana hisses angrily.
An ufetubus comes into view.
You start waiting.
An iguana is nearby!
You barely miss the iguana. Your grab misses the iguana.
You squeeze the iguana.
The iguana is lightly wounded.
The iguana misses you. The iguana closely misses you.
You hit the iguana but do no damage. You grab the iguana.
You squeeze the iguana.
The iguana is moderately wounded.
You constrict the iguana. The iguana closely misses you.
You hit the iguana but do no damage.
You squeeze the iguana, but do no damage.
The iguana is moderately wounded.
You constrict the iguana, but do no damage.
The iguana bites you.
You hit the iguana.
You squeeze the iguana, but do no damage.
The iguana is heavily wounded.
You constrict the iguana, but do no damage.
The iguana bites you!
Ouch! That really hurt!
You die...

*,,,,,,,,,,,*#5,,,,,,,,,,,,,,**,,
***,,,,,,,,**,..,,,,,,,,,,,,,,,*,
*,,,,,,,,,*,,l##,**,,,,,,,,,**,
**,,,,,,*,,,,,..,**,,,,,,,,,,,,
*,,,,,**,,,,*#.##*,,,,,,,,,,,,
*,,,,,,,,,,,*#..#*,,,,,,,,,,,,
**************#.#*************
♣♣♣.♣ ♣♣ ♣♣@l.♣ .♣♣ ♣♣..♣♣♣
******* ..♣♣♣♣ ♣..♣♣ **,,,,,,
♣♣...♣♣♣♣ ♣♣.♣ *,,,***, ♣♣♣♣...♣♣
♣♣.♣♣ ***,,,* ** ♣♣♣♣.♣♣♣♣.♣♣
*,,,,** ♣...♣♣..♣ ****,,**
♣♣♣...o♣♣ **,,* *** ♣♣.♣♣♣
***,,**


You could see an iguana.

Vanquished Creatures
  A dart slug (D:5)
1 creature vanquished.

Notes
Turn   | Place    | Note
-------+----------+-------------------------------------------
     0 | D:5      | Esekla the Octopode Delver began the quest for the Orb.
     0 | D:5      | Reached XP level 1. HP: 16/16 MP: 1/1
    32 | D:5      | Noticed an iguana
    44 | D:5      | Slain by an iguana

Illustrated notes

Levels and vault maps discovered:
D:5:      kb_forest_paths, layout_cave_pools, nicolae_ru_sacrificial_ziggurat,
          tgw_sif

Action                     || total
---------------------------++-------
  Melee: Falchion          ||     8
         Tentacles         ||     5
         Constrict         ||     2
    Use: Scroll            ||     1
   Stab: Sleeping          ||     1
 Armour: Skin              ||     1
  Dodge: Dodged            ||     4

Table legend: (Time is in decaauts)
 A = Elapsed time spent in this place.
 B = Non-inter-level travel time spent in this place.
 C = Inter-level travel time spent in this place.
 D = Time resting spent in this place.
 E = Time spent auto-exploring this place.
 F = Levels seen in this place.
 G = Mean time per level.
                   A        B        C        D        E       F      G
               +--------+--------+--------+--------+--------+-----+--------+
         Total |     45 |     45 |      0 |      8 |      0 |   1 |   45.0 |
       Dungeon |     45 |     45 |      0 |      8 |      0 |   1 |   45.0 |
               +--------+--------+--------+--------+--------+-----+--------+

Top non-repeatable levels by time:
     D:5: 45 daAuts
